 Dungeon Crawl Stone Soup version 0.28.0-53-g5a82cb258f (webtiles) character file.

Game seed: 7673036033403887808

4003 Infinimo the Basher (level 10, -8/65 HPs)
             Began as a Gargoyle Berserker on June 14, 2022.
             Was an Elder of Trog.
             Killed from afar by a steam dragon (19 damage)
             ... with a ball of steam
             ... on level 8 of the Dungeon.
             The game lasted 00:11:09 (8855 turns).

Infinimo the Basher (Gargoyle Berserker)            Turns: 8855, Time: 00:11:10

Health: -8/65      AC: 22    Str: 24    XL:     10   Next: 23%
Magic:  10/10      EV: 12    Int:  9    God:    Trog [****..]
Gold:   294        SH:  0    Dex:  9    Spells: 9/9 levels left

rFire   . . .      SeeInvis .   t - +3 flail (venom)
rCold   . . .      Faith    .   (no shield)
rNeg    + . .      Spirit   .   d - +1 chain mail {rPois}
rPois   ∞          Reflect  .   (no helmet)
rElec   +          Harm     .   w - +2 cloak
rCorr   .          Rampage  .   (no gloves)
Will    .....                   (no boots)
Stlth   ..........              (no amulet)
HPRegen 0.20/turn               g - +4 ring of evasion
MPRegen 0.12/turn               (no ring)

@: no status effects
A: sickness immunity, AC +7, negative energy resistance 1, electricity
resistance, torment resistance 1, petrification resistance
a: Renounce Religion, Berserk, Trog's Hand, Brothers in Arms


You were on level 8 of the Dungeon.
You worshipped Trog.
Trog was greatly pleased with you.
You visited 1 branch of the dungeon, and saw 8 of its levels.
You also visited: Sewer.

You collected 550 gold pieces.
You spent 256 gold pieces at shops.

Inventory:

Hand Weapons
 t - a +3 flail of venom (weapon)
Missiles
 j - 2 curare-tipped darts (quivered)
Armour
 d - a +1 chain mail of poison resistance (worn)
 w - a +2 cloak (worn)
Jewellery
 b - a +6 ring of intelligence
 g - a +4 ring of evasion (left hand)
 l - a ring of fire
Wands
 a - a wand of mindburst (16)
 i - a wand of acid (18)
 p - a wand of flame (28)
Scrolls
 e - a scroll of fog
 f - 8 scrolls of identify
 h - 3 scrolls of blinking
 k - 3 scrolls of teleportation
 q - a scroll of fear
 s - a scroll of magic mapping {unknown}
 v - a scroll of brand weapon
Potions
 c - 4 potions of curing
 m - 2 potions of might
 n - 2 potions of heal wounds
 o - a potion of lignification
 r - 2 potions of degeneration
 u - a potion of brilliance
 x - a potion of flight {unknown}
 z - a potion of mutation {unknown}


   Skills:
 + Level 8.6 Fighting
 * Level 10.8 Maces & Flails
 + Level 8.2 Armour
 - Level 1.5 Dodging


You had 9 spell levels left.
You didn't know any spells.
Your spell library was empty.

Dungeon Overview and Level Annotations

Branches:
Dungeon (8/15)             Temple (0/1) D:6           Sewer (visited)
   Lair: D:8-11

Altars:
Gozag
Makhleb
Zin
The Shining One

Shops:
D:1 *   D:3 (   D:5 :   D:7 (


Innate Abilities, Weirdness & Mutations

You are immune to sickness and miasma.
Your stone body is resilient. (AC +7)
You are immune to poison.
You resist negative energy. (rN+)
You are resistant to electric shocks. (rElec)
You are resistant to unholy torment.
You are immune to petrification.


Message History

You hit the orc.
The orc is moderately wounded.
The orc misses you.
You sock the orc!
You kill the orc!
Trog accepts your kill. The steam dragon breathes steam at you.
The ball of steam hits you!
You barely miss the orc priest.
You are engulfed in a cloud of scalding steam.
The orc priest completely misses you. The steam dragon breathes steam at you.
The ball of steam misses you.
You hear a shout! x3
The orc priest is engulfed in a cloud of scalding steam.
The orc priest invokes the aid of Beogh against you.
Beogh smites you! The steam dragon breathes steam at you.
The ball of steam hits you!
* * * LOW HITPOINT WARNING * * *
You are engulfed in a cloud of scalding steam.
You fail to use your ability.
You are engulfed in a cloud of scalding steam.
* * * LOW HITPOINT WARNING * * *
The steam dragon breathes steam at you.
The ball of steam hits you but does no damage.
You fail to use your ability.
The orc priest calls down the wrath of Beogh upon you.
Pain shoots through your body!
* * * LOW HITPOINT WARNING * * *
You fail to use your ability.
The steam dragon bites you but does no damage.
The steam dragon barely misses you.
You fail to use your ability.
The steam dragon closely misses you.
The steam dragon claws you but does no damage.
You fail to use your ability.
The orc priest barely misses you.
The steam dragon barely misses you. x2; The orc closely misses you.
The steam dragon breathes steam at you. The ball of steam hits you!!
You die...

#..#..#
#.....###
#.......#
#.......##
##.......#
#..o....#
#..oD...#
#..§....#
#..@...##
#..<..##
#...###
#.......#
##....###
.)####
..## ..
...


You could see a steam dragon (catching breath), an orc priest and an orc.

Vanquished Creatures
  Pikel (D:5)
  Grinder (D:5)
  Sigmund (D:5)
  A wyvern (D:8)
  Edmund (D:5)
  2 water moccasins
  2 orc warriors
  A sky beast (D:7)
  A black bear (D:5)
  2 centaurs
  A phantom (D:4)
  8 kobold brigands (Sewer)
  A scorpion (D:5)
  A wyvern zombie (D:7)
  A water moccasin zombie (D:5)
  A wyvern skeleton (D:7)
  A water moccasin skeleton (D:6)
  5 wights (D:7)
  A bullfrog zombie (D:5)
  2 centaur zombies
  2 jellies
  4 orc priests
  Crazy Yiuf (D:6)
  A bullfrog skeleton (D:6)
  3 iguanas
  Ijyb (D:4)
  9 orc wizards
  A scorpion zombie (D:5)
  Terence (D:3)
  2 hound skeletons (D:4)
  Robin (D:3)
  13 adders
  4 gnolls (D:5)
  A white imp (D:6)
  An ufetubus (D:4)
  5 worms
  A dart slug (D:4)
  35 orcs
  11 ball pythons
  13 endoplasms
  3 giant cockroaches (D:3)
  13 goblins
  6 hobgoblins
  5 jackals
  4 quokkas
  2 bats (D:1)
  2 frilled lizards
  10 kobolds
  10 rats
200 creatures vanquished.

Vanquished Creatures (others)
  11 fungi (D:2)
  5 toadstools (D:2)
16 creatures vanquished.

Grand Total: 216 creatures vanquished

Notes
Turn   | Place    | Note
-------+----------+-------------------------------------------
     0 | D:1      | Infinimo the Gargoyle Berserker began the quest for the
                  | Orb.
     0 | D:1      | Reached XP level 1. HP: 14/14 MP: 1/1
   582 | D:1      | Reached XP level 2. HP: 15/19 MP: 2/2
  1183 | D:1      | Found a faded altar of an unknown god.
  1451 | D:1      | Reached XP level 3. HP: 23/23 MP: 3/3
  1517 | D:1      | Found Letul's Assorted Antiques.
  1525 | D:1      | Bought a scroll labelled ROG TAYGGO for 21 gold pieces
  1525 | D:1      | Bought a scroll labelled XOREJA ZACW for 21 gold pieces
  1687 | D:2      | Reached ** piety under Trog
  1804 | D:2      | Noticed Robin
  1834 | D:2      | Reached skill level 4 in Maces & Flails
  1834 | D:2      | Reached XP level 4. HP: 29/29 MP: 4/4
  2070 | D:3      | Killed Robin
  2415 | D:3      | Found a glowing drain.
  2419 | Sewer    | Entered a sewer
  2444 | Sewer    | Noticed a kobold brigand
  2444 | Sewer    | Noticed a kobold brigand
  2472 | Sewer    | Killed a kobold brigand
  2473 | Sewer    | Reached XP level 5. HP: 17/34 MP: 5/5
  2491 | Sewer    | Killed a kobold brigand
  2492 | Sewer    | Reached skill level 5 in Maces & Flails
  2492 | Sewer    | Reached XP level 6. HP: 14/39 MP: 6/6
  3357 | Sewer    | Reached skill level 5 in Fighting
  3357 | Sewer    | Reached skill level 6 in Maces & Flails
  3357 | Sewer    | Reached XP level 7. HP: 44/44 MP: 7/7
  3945 | D:3      | Noticed Terence
  3954 | D:3      | Killed Terence
  4284 | D:3      | Found Ymyzad's Weapon Boutique.
  4526 | D:4      | Reached skill level 5 in Armour
  4714 | D:4      | Reached XP level 8. HP: 51/51 MP: 8/8
  4780 | D:4      | Reached skill level 7 in Maces & Flails
  5379 | D:4      | Reached *** piety under Trog
  5582 | D:5      | Entered Level 5 of the Dungeon
  5583 | D:5      | Noticed Ijyb
  5664 | D:5      | Noticed Grinder
  5679 | D:4      | Killed Ijyb
  5717 | D:5      | Paralysed by Grinder for 3 turns
  5723 | D:5      | Killed Grinder
  5833 | D:5      | Reached skill level 8 in Maces & Flails
  6016 | D:5      | Noticed Pikel
  6028 | D:5      | Killed Pikel
  6029 | D:5      | Reached XP level 9. HP: 57/57 MP: 9/9
  6037 | D:5      | Reached skill level 9 in Maces & Flails
  6065 | D:5      | Noticed Sigmund
  6069 | D:5      | Killed Sigmund
  6126 | D:5      | Found Mub Siz's Book Shop.
  6184 | D:5      | Noticed Edmund
  6201 | D:5      | Killed Edmund
  6424 | D:5      | Found an opulent altar of Gozag.
  6465 | D:5      | Found a glowing silver altar of Zin.
  6741 | D:6      | Found a glowing golden altar of the Shining One.
  6933 | D:6      | Found a staircase to the Ecumenical Temple.
  6971 | D:6      | Found a runed translucent door.
  6972 | D:6      | Noticed Crazy Yiuf
  7100 | D:6      | Found a burning altar of Makhleb.
  7144 | D:6      | Reached skill level 10 in Maces & Flails
  7680 | D:6      | Reached **** piety under Trog
  7757 | D:6      | Killed Crazy Yiuf
  7889 | D:7      | Reached XP level 10. HP: 59/64 MP: 10/10
  8486 | D:7      | Found Lagymorgh's Antique Weapon Shoppe.
  8498 | D:7      | Bought a runed flail for 214 gold pieces
  8855 | D:8      | Killed from afar by a steam dragon

Illustrated notes

Levels and vault maps discovered:
D:1:      minmay_arrival_four_loops, layout_loops_ring, serial_forest,
          infiniplex_forest_straight_4, infiniplex_forest_lined_room_2,
          infiniplex_forest_lined_3_way, infiniplex_forest_straight_2,
          infiniplex_forest_lined_room_2, infiniplex_forest_straight_5,
          infiniplex_forest_clump_long, infiniplex_forest_lined_room_2,
          serial_shops, nicolae_shop_temple_entry_statues_fountains,
          ebering_ecumenical_altar_hall
D:2:      layout_basic, minmay_gold_behind_fungi, nicolae_figureground_pulse,
          uniq_robin
D:3:      layout_rooms, serial_shops, nicolae_lakefront_shop,
          gup_sewer_entry_bowl, uniq_terence
D:4:      layout_basic, st_stairs_2, grunt_ministairs_9, minmay_misc_feat_x,
          nicolae_elevator_lobby_plus
D:5:      layout_basic, nicolae_gozag_seed_capital, zin_treasury, serial_shops,
          shop_statue, uniq_pikel, uniq_grinder, uniq_ijyb, uniq_sigmund,
          uniq_edmund
D:6:      layout_gridville, amcnicky_altar_gilded, old_standard_altar,
          minmay_temple_entry_nine_rooms, uniq_crazy_yiuf_cottage
D:7:      layout_loops_cross, serial_shops, shop, enter_bailey_6
D:8:      layout_cave_pods, nicolae_overflow_hidden_temple, st_stairs_3,
          minmay_misc_feat_enclosed

Skill      XL: |  1  2  3  4  5  6  7  8  9 10 |
---------------+-------------------------------+-----
Maces & Flails | 4 5 6 8 10 | 10.8
Armour         | 3 4 5 6 7 8 |  8.2
Fighting       | 4 5 7 8 |  8.6
Dodging        | |  1.5

Action                   |  1- 3 |  4- 6 |  7- 9 | 10-12 || total
-------------------------+-------+-------+-------+-------++-------
Melee: Mace              |   100 |   147 |   138 |       ||   385
       Punch             |     2 |     1 |     4 |     1 ||     8
       Flail             |       |       |   228 |    99 ||   327
Invok: Berserk           |     2 |     5 |    12 |       ||    19
  Use: Scroll            |     4 |     2 |    11 |       ||    17
       Potion            |       |     1 |       |       ||     1
Armor: Animal skin       |    40 |    54 |    97 |       ||   191
       Chain mail        |       |       |    54 |    56 ||   110
Dodge: Dodged            |    50 |    65 |   213 |    43 ||   371
